 Dungeon Crawl Stone Soup version 0.27-a0-277-g024f7ef292 (webtiles) character file.

Game seed: 10658714079790073040

130190 dolemite99 the Nimble (level 17, -5/131 HPs)
             Began as a Gnoll Ice Elementalist on Feb 6, 2021.
             Was the Champion of Dithmenos.
             Slain by a naga warrior
             ... wielding a +0 war axe
              (8 damage)
             ... on level 4 of the Snake Pit.
             The game lasted 01:39:47 (55369 turns).

dolemite99 the Nimble (Gnoll Ice Elementalist)     Turns: 55369, Time: 01:39:48

Health: -5/131     AC: 26    Str:  7    XL:     17   Next: 7%
Magic:  15/33      EV: 18    Int: 20    God:    Dithmenos [******]
Gold:   539        SH: 10    Dex: 23    Spells: 5/40 levels left

rFire    + . .     SeeInvis .   a - +3 war axe (venom)
rCold    . . .     Faith    .   A - +2 buckler
rNeg     . . .     Spirit   .   O - +5 ring mail of Panentheism {rF+ rCorr Dex+4}
rPois    +         Reflect  .   i - +2 helmet
rElec    +         Harm     .   B - +2 cloak {rCorr}
rCorr    +         Rampage  .   m - +2 pair of gloves
Will     +....                  U - +2 pair of boots
Stlth    +++++++++.             F - amulet of the acrobat
HPRegen  0.31/turn              (no ring)
MPRegen  0.23/turn              n - ring "Pyiqurr" {rElec rPois Dex+6}

@: lethally poisoned (-5 -> -6), slowed, wreathed by umbra, constricted,
studying Dodging, very slow
A: distributed training, fangs 1, weak 1, strong nose
a: Renounce Religion, Shadow Step, Shadow Form


You were on level 4 of the Snake Pit.
You worshipped Dithmenos.
Dithmenos was exalted by your worship.
You visited 5 branches of the dungeon, and saw 28 of its levels.

You collected 2385 gold pieces.
You spent 1846 gold pieces at shops.

Inventory:

Hand Weapons
 a - a +3 war axe of venom (weapon)
 b - a +3 fustibalus of flaming
Missiles
 c - 474 stones (quivered)
 P - 11 sling bullets
Armour
 i - a +2 helmet (worn)
 m - a +2 pair of gloves (worn)
 A - a +2 buckler (worn)
 B - a +2 cloak of preservation (worn)
 O - the +5 ring mail of Panentheism (worn) {rF+ rCorr Dex+4}
   (You bought it in a shop on level 10 of the Dungeon)

   It affects your dexterity (+4).
   It protects you from fire.
   It provides partial protection from all sources of acid and corrosion.
 U - a +2 pair of boots (worn)
Magical Staves
 h - an uncursed staff of death
 o - an uncursed staff of cold
Jewellery
 e - an uncursed ring of willpower
 k - the ring of Yrghoad {MP+9 Str+2}
   (You found it on level 12 of the Dungeon)

   [ring of magical power]

   It affects your strength (+2).
   It affects your magic capacity (+9).
 l - the ring "Ziyll" {rF+ Str+2}
   (You found it on level 12 of the Dungeon)

   [ring of protection from fire]

   It affects your strength (+2).
   It protects you from fire.
 n - the ring "Pyiqurr" (right hand) {rElec rPois Dex+6}
   (You acquired it on level 14 of the Dungeon)

   [ring of dexterity]

   It affects your dexterity (+6).
   It insulates you from electricity.
   It protects you from poison.
 y - an uncursed ring of fire
 F - an amulet of the acrobat (around neck)
 K - an uncursed ring of wizardry
 N - the amulet "Xybuxt" {Will+ Regen+ Int+2}
   (You took it off a deep elf zephyrmancer on level 12 of the Dungeon)

   [amulet of regeneration]

   It affects your intelligence (+2).
   It affects your willpower, your defense against some magical effects.
   It increases your rate of regeneration.
 R - an uncursed ring of positive energy
 S - the ring of Duicoor {rPois rC++ Int-2 Dex+6 SInv}
   (You took it off a spriggan rider on level 6 of the Lair of Beasts)

   [ring of dexterity]

   It affects your intelligence (-2).
   It affects your dexterity (+6).
   It greatly protects you from cold.
   It protects you from poison.
   It lets you see invisible.
 V - the ring "Cielomu" {Fire Int+4 Dex+3}
   (You found it on level 12 of the Dungeon)

   [ring of fire]

   It enhances your fire magic.
   It affects your intelligence (+4).
   It affects your dexterity (+3).
   It protects you from fire.
   It makes you vulnerable to cold.
 X - an uncursed ring of positive energy
Wands
 d - a wand of flame (35)
 C - a wand of digging (5)
 H - a wand of polymorph (18)
 Y - a wand of paralysis (15)
Scrolls
 r - 2 scrolls of magic mapping
 s - 3 scrolls of amnesia
 w - 5 scrolls of identify {@r1}
 E - 9 scrolls of remove curse {@r2}
 L - a scroll of brand weapon
 M - 2 scrolls of fog
 T - a scroll of blinking
 Z - a scroll of teleportation
Potions
 f - 9 potions of ambrosia
 g - 3 potions of brilliance
 j - a potion of cancellation
 p - 2 potions of haste
 t - 5 potions of flight
 u - 4 potions of might
 x - 6 potions of curing
 z - 2 potions of lignification
 G - a potion of resistance
 Q - a potion of magic
Miscellaneous
 q - a tin of tremorstones (inert)
 v - a box of beasts
 W - a box of beasts


   Skills:
 + Level 11.2 Fighting
 + Level 11.2 Short Blades
 + Level 11.2 Long Blades
 + Level 11.2 Axes
 + Level 11.2 Maces & Flails
 + Level 11.2 Polearms
 + Level 11.2 Staves
 + Level 11.2 Slings
 + Level 11.2 Bows
 + Level 11.2 Crossbows
 + Level 11.2 Throwing
 + Level 11.2 Armour
 + Level 14.2 Dodging
 + Level 11.9 Stealth
 + Level 11.2 Shields
 + Level 11.2 Unarmed Combat
 + Level 12.1 Spellcasting
 + Level 9.6 Conjurations
 + Level 9.6 Hexes
 + Level 9.6 Summonings
 + Level 9.6 Necromancy
 + Level 9.6 Translocations
 + Level 9.6 Transmutations
 + Level 9.6 Fire Magic
 + Level 11.7 Ice Magic
 + Level 9.6 Air Magic
 + Level 9.6 Earth Magic
 + Level 9.6 Poison Magic
 + Level 12.1 Invocations
 + Level 11.2 Evocations


You had 5 spell levels left.
You knew the following spells:

 Your Spells              Type           Power        Failure   Level
a - Summon Ice Beast      Ice/Summ       53%          1%          4
b - Frozen Ramparts       Ice            100%         1%          3
c - Sticky Flame          Conj/Fire      50%          2%          4
d - Hailstorm             Conj/Ice       53%          1%          4
e - Fireball              Conj/Fire      25%          8%          5
f - Dazzling Flash        Conj/Hex       100%         1%          3
g - Ensorcelled Hibernat  Hex/Ice        100%         1%          2
h - Tukima's Dance        Hex            50%          1%          3
i - Cause Fear            Hex            25%          2%          4
j - Ozocubu's Armour      Ice            56%          1%          3

Your spell library contained the following spells:

 Spells                   Type           Power        Failure   Level
 Corona                   Hex            55%          1%          1
 Foxfire                  Conj/Fire      100%         1%          1
 Freeze                   Ice            100%         1%          1
 Slow                     Hex            50%          1%          2
 Confusing Touch          Hex            50%          1%          3
 Conjure Flame            Conj/Fire      50%          1%          3
 Inner Flame              Hex/Fire       50%          1%          3
 Portal Projectile        Hex/Tloc       100%         1%          3
 Leda's Liquefaction      Hex/Erth       25%          2%          4


Dungeon Overview and Level Annotations

Branches:
Dungeon (15/15)            Temple (1/1) D:4            Lair (6/6) D:9
  Swamp (0/4) Lair:4        Snake (4/4) Lair:2        Slime (0/5) Lair:6
    Orc (2/2) D:9             Elf (0/3) Orc:2        Vaults (0/5) D:14
 Depths (0/5) D:15

Altars:
Ashenzari
Cheibriados
Dithmenos
Elyvilon
Fedhas
Gozag
Hepliaklqana
Kikubaaqudgha
Makhleb
Nemelex Xobeh
Okawaru
Qazlal
Ru
Sif Muna
Trog
Uskayaw
Vehumet
Wu Jian
Xom
Yredelemnul
Zin
The Shining One
Beogh
Jiyva

Shops:
D:5 (   D:8 (   D:10 [   D:12 [   D:14 !   Orc:1 ?   Orc:2 !![:   Snake:1 *

Annotations:
D:3 exclusion: downstairs, Grinder, Sigmund
D:13 3 runed translucent doors, Daesira's ghost, journeyman DsIE
Lair:1 exclusions: downstairs and oklob plant
Lair:2 exclusion: downstairs
Snake:1 1 runed translucent door, 1 transporter, exclusion: downstairs, puppykicker's ghost, adept DEGl


Innate Abilities, Weirdness & Mutations

Your experience applies equally to all skills.
You have very sharp teeth.
Your uncanny sense of smell can sniff out nearby items.
You are weak. (Str -2)


Message History

You block the guardian serpent's attack.
The guardian serpent casts a spell at you.
The naga warrior spits poison at you. The splash of poison misses you.
The nagaraja barely misses you. You block the nagaraja's attack.
The naga mage hits you but does no damage.
The naga mage grabs you. The naga mage constricts you.
The guardian serpent closely misses you.
You slash the naga mage!
The naga mage looks as sick as possible!
The naga mage is moderately wounded.
You hit the nagaraja but do no damage.
The nagaraja is poisoned.
You hit the nagaraja.
The nagaraja is poisoned.
You hit the naga warrior but do no damage.
The naga warrior is poisoned.
You closely miss the guardian serpent. The nagaraja hits you.
* * * LOW HITPOINT WARNING * * *
You block the naga mage's attack. The naga mage constricts you.
The naga warrior hits you with a +0 war axe!
You die...

≈≈≈SN#####≈≈≈≈≈
≈≈...........≈≈##
≈≈.≈≈§§§§§≈≈.≈≈≈###N
...≈≈§§.§§≈≈.....NN.
≈N≈≈≈≈§§§≈≈≈≈.≈≈..
≈.≈≈≈≈§..≈§≈≈.≈≈≈
≈.≈≈≈≈§§.SN§≈N≈#
..N≈≈.§S§SNNNS.#
#....SSS§SSN@N#
####.NS§§NS####
#########


You could see 2 naga warriors, 3 nagarajas, a sea snake, 2 guardian serpents, a
naga mage (fast, extremely poisoned) and 4 nagas.

Vanquished Creatures
  2 nagarajas (Snake:4)
  A fire giant (D:15)
  Nessos (D:12)
  Josephine (D:15)
  3 hydras
  An ice dragon (D:12)
  A boulder beetle (D:12)
  8 naga warriors
  8 anacondas
  3 centaur warriors
  3 two-headed ogres
  8 death yaks
  4 naga sharpshooters
  Nergalle (D:12)
  4 shock serpents
  A skeletal warrior (D:14)
  Sonja (D:12)
  An unseen horror (D:15)
  4 salamander mystics
  A deep troll (shapeshifter) (D:12)
  2 naga ritualists
  An orc knight (D:14)
  A deep elf pyromancer (D:15)
  A deep elf zephyrmancer (D:12)
  3 mana vipers
  8 ugly things
  2 manticores
  A centaur zombie (D:13)
  3 cyclopes
  3 orc sorcerers (Orc:2)
  8 salamanders
  8 elephants
  2 guardian serpents
  7 centaur skeletons
  33 black mambas
  17 cane toads
  11 naga magi
  3 gargoyles
  4 komodo dragons
  A kobold demonologist (D:14)
  A rime drake (Lair:4)
  6 trolls
  3 tyrant leeches (Lair:6)
  A polar bear (Lair:2)
  A merfolk (D:13)
  A queen bee (Lair:3)
  23 blink frogs
  A harpy skeleton (D:15)
  2 meliai zombies
  A redback (D:12)
  A vampire (D:15)
  32 yaks
  2 wyverns
  5 wraiths (D:15)
  3 hogs (D:14)
  3 basilisks
  15 vampire mosquitoes
  4 wargs
  32 nagas
  2 swamp worms (Lair:3)
  A soldier ant (D:12)
  8 water moccasins
  3 acid dragons
  7 sky beasts
  5 ice beasts
  A black bear (D:13)
  13 orc warriors
  32 wolves
  14 ogres
  A boggart (D:14)
  8 centaurs
  2 phantoms
  4 big kobolds
  A gnoll sergeant (D:11)
  Blork the orc (D:4)
  19 bullfrogs
  A wyvern zombie (D:12)
  27 killer bees
  A water moccasin skeleton (D:10)
  7 scorpions
  5 electric eels
  6 howler monkeys
  16 wights
  6 bullfrog zombies
  12 hounds
  3 jellies
  2 bullfrog skeletons
  11 orc priests
  5 iguanas
  25 orc wizards
  Natasha (D:3)
  13 worker ants
  A hound skeleton (D:5)
  2 worker ant zombies (D:10)
  Robin (D:4)
  7 gnolls
  2 howler monkey skeletons (D:5)
  16 adders
  3 shadow imps
  6 white imps
  An ufetubus (D:5)
  An adder zombie (D:5)
  An adder skeleton (D:5)
  5 worms
  2 dart slugs (D:1)
  10 leopard geckos
  44 orcs
  2 ball pythons
  8 bats
  9 giant cockroaches
  18 goblins
  12 hobgoblins
  5 jackals
  20 kobolds
  A quokka (D:4)
  6 frilled lizards
  A quokka skeleton (D:4)
  4 rats
764 creatures vanquished.

Vanquished Creatures (collateral kills)
  Kirke (D:14)
  Snorg (D:10)
  6 hydras
  A boulder beetle (D:13)
  Erolcha (Orc:2)
  A catoblepas (D:12)
  A two-headed ogre (D:11)
  5 death yaks
  2 naga sharpshooters (Snake:3)
  A salamander mystic (Snake:3)
  A naga ritualist (Snake:3)
  3 salamanders
  6 orc sorcerers (Orc:2)
  6 ugly things
  A manticore (D:10)
  3 black mambas
  8 elephants
  Joseph (D:10)
  A naga mage (Snake:3)
  A torpor snail (Lair:6)
  14 cane toads
  A rime drake (Lair:3)
  Psyche (D:10)
  4 komodo dragons
  A troll (D:9)
  A tyrant leech (Lair:6)
  A polar bear (Lair:3)
  19 blink frogs
  2 hornets
  A spriggan (Lair:6)
  14 yaks
  4 hogs (D:14)
  A basilisk (Lair:4)
  10 vampire mosquitoes
  A warg (Lair:1)
  5 nagas
  A nameless horror (Lair:2)
  8 water moccasins
  5 orc warriors
  An ogre (Orc:2)
  2 centaurs
  16 wolves
  6 bullfrogs
  4 killer bees
  7 wights
  A howler monkey (D:9)
  An orc priest (Orc:2)
  A bullfrog skeleton (D:9)
  A hound (Lair:1)
  12 orc wizards
  10 white imps
  25 orcs
  A jackal (D:11)
  A butterfly (Lair:4)
234 creatures vanquished.

Vanquished Creatures (others)
  A cyclops (D:12)
  A naga (Snake:4)
  A water moccasin (D:10)
  A sky beast (D:5)
  2 orc wizards (Orc:2)
  An adder (D:5)
  A frilled lizard (D:5)
  3 bushes
  74 fungi
  175 plants
260 creatures vanquished.

Grand Total: 1258 creatures vanquished

Notes
Turn   | Place    | Note
-------+----------+-------------------------------------------
     0 | D:1      | dolemite99 the Gnoll Ice Elementalist began the quest for
                  | the Orb.
     0 | D:1      | Reached XP level 1. HP: 13/13 MP: 6/6
   464 | D:1      | Reached XP level 2. HP: 15/19 MP: 1/7
  1010 | D:1      | Reached XP level 3. HP: 24/25 MP: 3/9
  1015 | D:1      | Reached skill level 5 in Spellcasting
  1621 | D:2      | Found a shimmering blue altar of Sif Muna.
  1737 | D:2      | Reached skill level 1 in Invocations
  1833 | D:2      | Found a sacrificial altar of Ru.
  1833 | D:2      | Found a shadowy altar of Dithmenos.
  1926 | D:2      | Became a worshipper of Dithmenos the Shadowed
  2145 | D:2      | Learned a level 3 spell: Frozen Ramparts
  2164 | D:2      | Reached skill level 1 in Fighting
  2164 | D:2      | Reached skill level 1 in Short Blades
  2164 | D:2      | Reached skill level 1 in Long Blades
  2164 | D:2      | Reached skill level 1 in Axes
  2164 | D:2      | Reached skill level 1 in Maces & Flails
  2164 | D:2      | Reached skill level 1 in Polearms
  2164 | D:2      | Reached skill level 1 in Staves
  2164 | D:2      | Reached skill level 1 in Slings
  2164 | D:2      | Reached skill level 1 in Bows
  2164 | D:2      | Reached skill level 1 in Crossbows
  2164 | D:2      | Reached skill level 1 in Throwing
  2164 | D:2      | Reached skill level 1 in Armour
  2164 | D:2      | Reached skill level 1 in Shields
  2164 | D:2      | Reached skill level 1 in Unarmed Combat
  2164 | D:2      | Reached skill level 1 in Evocations
  2164 | D:2      | Reached XP level 4. HP: 32/32 MP: 6/11
  2318 | D:2      | Found a glowing silver altar of Zin.
  2346 | D:2      | Found a blossoming altar of Fedhas.
  2650 | D:3      | Noticed Sigmund
  2762 | D:3      | Noticed Natasha
  2831 | D:3      | Reached skill level 1 in Conjurations
  2831 | D:3      | Reached skill level 1 in Hexes
  2831 | D:3      | Reached skill level 1 in Summonings
  2831 | D:3      | Reached skill level 1 in Necromancy
  2831 | D:3      | Reached skill level 1 in Translocations
  2831 | D:3      | Reached skill level 1 in Transmutations
  2831 | D:3      | Reached skill level 1 in Fire Magic
  2831 | D:3      | Reached skill level 1 in Air Magic
  2831 | D:3      | Reached skill level 1 in Earth Magic
  2831 | D:3      | Reached skill level 1 in Poison Magic
  2928 | D:3      | HP: 1/32 [gnoll/+0 flail (4)]
  3098 | D:3      | Reached XP level 5. HP: 19/37 MP: 8/12
  3485 | D:3      | Learned a level 3 spell: Ozocubu's Armour
  3598 | D:3      | Noticed an ogre
  3802 | D:4      | Noticed Grinder
  3819 | D:3      | Killed Natasha
  3912 | D:3      | Killed an ogre
  3913 | D:3      | Reached XP level 6. HP: 44/44 MP: 6/13
  4079 | D:4      | Paralysed by Grinder for 7 turns
  4090 | D:3      | Paralysed by Grinder for 6 turns
  4474 | D:3      | You fall into a shaft and drop 1 floor!
  4520 | D:4      | Reached skill level 5 in Dodging
  4609 | D:4      | Found a staircase to the Ecumenical Temple.
  4614 | D:4      | Noticed Blork the orc
  4620 | Temple   | Entered the Ecumenical Temple
  4731 | D:4      | Killed Blork the orc
  4806 | D:5      | Entered Level 5 of the Dungeon
  4823 | D:5      | Killed a sky beast
  4872 | D:5      | Reached XP level 7. HP: 32/50 MP: 12/15
  4880 | D:5      | Found Jureugg's Antique Weapon Boutique.
  4909 | D:5      | Bought a runed war axe for 123 gold pieces
  5993 | D:5      | Reached skill level 5 in Stealth
  6142 | D:5      | Noticed a yak
  6154 | D:5      | Reached XP level 8. HP: 42/57 MP: 9/16
  6157 | D:5      | Killed a yak
  6305 | D:5      | Reached * piety under Dithmenos
  6511 | D:4      | Learned a level 4 spell: Hailstorm
  6530 | D:4      | Learned a level 4 spell: Summon Ice Beast
  6544 | D:4      | Noticed Robin
  6681 | D:4      | Killed Robin
  6811 | D:4      | Found a sparkling altar of Nemelex Xobeh.
  7004 | D:5      | Found a shimmering altar of Xom.
  8428 | D:6      | Reached skill level 6 in Dodging
  8608 | D:6      | Found the +3 crown of Dyrovepreva {rElec Int+2 SInv}
  8893 | D:6      | Reached ** piety under Dithmenos
  9008 | D:7      | Reached XP level 9. HP: 55/65 MP: 14/18
 10349 | D:3      | Paralysed by Grinder for 7 turns
 11070 | D:8      | Found Juaduh's Weapon Boutique.
 11408 | D:8      | Reached skill level 5 in Invocations
 12055 | D:8      | Bought a +0 long sword of holy wrath for 132 gold pieces
 12074 | D:8      | Bought 19 stones for 30 gold pieces
 12074 | D:8      | Bought 17 sling bullets for 136 gold pieces
 12486 | D:9      | Noticed a troll
 12495 | D:9      | Killed a troll
 12496 | D:9      | Reached XP level 10. HP: 68/73 MP: 4/20
 12735 | D:9      | Reached *** piety under Dithmenos
 12756 | D:9      | Reached skill level 5 in Fighting
 12756 | D:9      | Reached skill level 5 in Short Blades
 12756 | D:9      | Reached skill level 5 in Long Blades
 12756 | D:9      | Reached skill level 5 in Axes
 12756 | D:9      | Reached skill level 5 in Maces & Flails
 12756 | D:9      | Reached skill level 5 in Polearms
 12756 | D:9      | Reached skill level 5 in Staves
 12756 | D:9      | Reached skill level 5 in Slings
 12756 | D:9      | Reached skill level 5 in Bows
 12756 | D:9      | Reached skill level 5 in Crossbows
 12756 | D:9      | Reached skill level 5 in Throwing
 12756 | D:9      | Reached skill level 5 in Armour
 12756 | D:9      | Reached skill level 5 in Shields
 12756 | D:9      | Reached skill level 5 in Unarmed Combat
 12756 | D:9      | Reached skill level 5 in Evocations
 13021 | D:9      | Found a staircase to the Orcish Mines.
 13454 | D:9      | Reached skill level 7 in Dodging
 13478 | D:9      | Found an ornate altar of the Wu Jian Council.
 13652 | D:9      | Found a staircase to the Lair.
 14185 | Lair:1   | Entered Level 1 of the Lair of Beasts
 15429 | Lair:1   | You fall into a shaft and drop 1 floor!
 15429 | Lair:2   | Found a staircase to the Snake Pit.
 15868 | Lair:2   | Noticed a cane toad
 15889 | Lair:2   | Killed a cane toad
 15909 | Lair:2   | Noticed a seven-headed hydra
 16399 | Lair:2   | Killed a seven-headed hydra
 16400 | Lair:2   | Reached XP level 11. HP: 72/81 MP: 7/22
 16683 | Lair:1   | Reached **** piety under Dithmenos
 17012 | Lair:1   | Noticed an oklob plant
 17052 | Lair:1   | Reached skill level 5 in Conjurations
 17052 | Lair:1   | Reached skill level 5 in Hexes
 17052 | Lair:1   | Reached skill level 5 in Summonings
 17052 | Lair:1   | Reached skill level 5 in Necromancy
 17052 | Lair:1   | Reached skill level 5 in Translocations
 17052 | Lair:1   | Reached skill level 5 in Transmutations
 17052 | Lair:1   | Reached skill level 5 in Fire Magic
 17052 | Lair:1   | Reached skill level 5 in Air Magic
 17052 | Lair:1   | Reached skill level 5 in Earth Magic
 17052 | Lair:1   | Reached skill level 5 in Poison Magic
 18768 | Lair:2   | Noticed a six-headed hydra
 18781 | Lair:2   | Killed a six-headed hydra
 19024 | Lair:2   | Reached skill level 8 in Dodging
 19742 | Lair:3   | Noticed an eight-headed hydra
 20185 | Lair:3   | Killed an eight-headed hydra
 20186 | Lair:3   | Reached XP level 12. HP: 16/89 MP: 21/24
 20579 | Lair:3   | Got a translucent short sword
 20582 | Lair:3   | Identified the +5 short sword "Velol" {speed, Fragile rPois
                  | rF+++ Int-2} (You found it on level 3 of the Lair of
                  | Beasts)
 21066 | Lair:3   | Learned a level 3 spell: Dazzling Flash
 21155 | Lair:3   | Noticed a death yak
 21161 | Lair:3   | Learned a level 2 spell: Ensorcelled Hibernation
 21162 | Lair:3   | Noticed a death yak
 21169 | Lair:3   | Noticed a death yak
 21315 | Lair:3   | Reached ***** piety under Dithmenos
 21359 | Lair:3   | Noticed a five-headed hydra
 21369 | Lair:3   | Killed a five-headed hydra
 21879 | Lair:3   | Noticed a death yak
 21880 | Lair:3   | Noticed a death yak
 21904 | Lair:3   | Killed a death yak
 22101 | Lair:2   | Killed a death yak
 22456 | Lair:3   | Killed a death yak
 22467 | Lair:3   | Killed a death yak
 22493 | Lair:3   | Killed a death yak
 23005 | Lair:3   | Reached skill level 9 in Dodging
 23963 | Lair:4   | Reached XP level 13. HP: 95/98 MP: 26/26
 25390 | Lair:4   | Found a staircase to the Swamp.
 26860 | Lair:5   | Reached skill level 10 in Dodging
 27319 | Lair:5   | Reached skill level 10 in Ice Magic
 28624 | Lair:6   | Entered Level 6 of the Lair of Beasts
 29137 | Lair:6   | Reached skill level 10 in Spellcasting
 30166 | Lair:6   | Reached ****** piety under Dithmenos
 30167 | Lair:6   | Reached XP level 14. HP: 69/106 MP: 16/28
 30964 | Lair:6   | Reached skill level 11 in Dodging
 31425 | Lair:6   | Identified the ring of Duicoor {rPois rC++ Int-2 Dex+6
                  | SInv}
 31556 | Lair:6   | Reached skill level 10 in Stealth
 32007 | Lair:6   | Found a viscous altar of Jiyva.
 32007 | Lair:6   | Found a staircase to the Slime Pits.
 32147 | Lair:6   | Reached skill level 10 in Invocations
 33183 | Lair:6   | Gained mutation: You are weak. (Str -2) [mutagenic glow]
 33891 | D:10     | Entered Level 10 of the Dungeon
 34360 | D:10     | Learned a level 3 spell: Tukima's Dance
 34669 | D:10     | Noticed Snorg
 34670 | D:10     | Noticed Joseph
 35116 | D:11     | Learned a level 4 spell: Cause Fear
 36310 | D:10     | Killed Joseph
 36412 | D:10     | Killed Snorg
 36507 | D:10     | Noticed Psyche
 36651 | D:10     | Paralysed by something for 5 turns
 36655 | D:10     | Killed Psyche
 37076 | D:10     | Found Opnuc's Armour Shop.
 37086 | D:10     | Bought the +5 ring mail of Panentheism {rF+ rCorr Dex+4}
                  | for 627 gold pieces
 37117 | D:10     | Bought a +1 cloak for 126 gold pieces
 37446 | Orc:1    | Entered Level 1 of the Orcish Mines
 37460 | Orc:1    | You fall into a shaft and drop 1 floor!
 37460 | Orc:2    | Entered Level 2 of the Orcish Mines
 37460 | Orc:2    | Found a roughly hewn altar of Beogh.
 37816 | Orc:1    | Found Gesuh's Magic Scroll Emporium.
 38151 | Orc:1    | Bought a scroll of teleportation for 39 gold pieces
 38151 | Orc:1    | Bought a scroll of fear for 45 gold pieces
 38933 | Orc:2    | Found a staircase to the Elven Halls.
 39369 | Orc:2    | Found Nafukhil's Book Emporium.
 39389 | Orc:2    | Found a radiant altar of Vehumet.
 39390 | Orc:2    | Noticed Erolcha
 39408 | Orc:2    | Killed Erolcha
 39479 | Orc:2    | Found Emanef's Antique Armour Shoppe.
 39563 | Orc:2    | Reached skill level 12 in Dodging
 39742 | Orc:2    | Found an ancient bone altar of Kikubaaqudgha.
 39805 | Orc:2    | Found a roughly hewn altar of Beogh.
 39867 | Orc:2    | Found Keownown's Distillery.
 39900 | Orc:2    | Bought an ichor-stained cloak for 228 gold pieces
 39911 | Orc:2    | Identified the cursed -1 cloak "Exzaust" {rF++ rC++ Int-4}
                  | (You bought it in a shop on level 2 of the Orcish Mines)
 39926 | Orc:2    | Bought an embroidered cloak for 180 gold pieces
 39984 | Orc:2    | Found Onasykk's Distillery.
 39992 | Orc:2    | Bought a potion of might for 60 gold pieces
 39994 | Orc:2    | Bought a potion of might for 60 gold pieces
 39994 | Orc:2    | Bought a potion of might for 60 gold pieces
 40427 | D:12     | Reached XP level 15. HP: 109/110 MP: 29/29
 40467 | D:12     | Noticed Nessos
 40480 | D:12     | Killed Nessos
 40686 | D:12     | Found Redurrihopt's Antique Armour Shop.
 40702 | D:12     | Noticed Nergalle
 40728 | D:12     | Killed Nergalle
 40946 | D:12     | Noticed Sonja
 40951 | D:12     | Killed Sonja
 41734 | D:12     | Identified the amulet "Xybuxt" {Will+ Regen+ Int+2}
 41807 | D:12     | Got an ancient turquoise ring
 41808 | D:12     | Identified the ring "Cielomu" {Fire Int+4 Dex+3} (You found
                  | it on level 12 of the Dungeon)
 41840 | D:12     | Got a twitching jade ring
 41849 | D:12     | Got a wavering golden ring
 41850 | D:12     | Identified the ring "Ziyll" {rF+ Str+2} (You found it on
                  | level 12 of the Dungeon)
 42663 | D:13     | Reached skill level 10 in Fighting
 42663 | D:13     | Reached skill level 10 in Short Blades
 42663 | D:13     | Reached skill level 10 in Long Blades
 42663 | D:13     | Reached skill level 10 in Axes
 42663 | D:13     | Reached skill level 10 in Maces & Flails
 42663 | D:13     | Reached skill level 10 in Polearms
 42663 | D:13     | Reached skill level 10 in Staves
 42663 | D:13     | Reached skill level 10 in Slings
 42663 | D:13     | Reached skill level 10 in Bows
 42663 | D:13     | Reached skill level 10 in Crossbows
 42663 | D:13     | Reached skill level 10 in Throwing
 42663 | D:13     | Reached skill level 10 in Armour
 42663 | D:13     | Reached skill level 10 in Shields
 42663 | D:13     | Reached skill level 10 in Unarmed Combat
 42663 | D:13     | Reached skill level 10 in Evocations
 42780 | D:13     | Identified the ring of Yrghoad {MP+9 Str+2} (You found it
                  | on level 12 of the Dungeon)
 43101 | D:13     | Found a runed translucent gate.
 43102 | D:13     | Found a runed translucent gate.
 43102 | D:13     | Identified the +4 dagger "Impbane" {drain, rElec Int+5
                  | Stlth+}
 43103 | D:13     | Found a runed translucent gate.
 43104 | D:13     | Noticed Daesira's ghost (journeyman DsIE)
 43105 | D:13     | Identified the +9 whip "Qauminli" {pain, +Inv Int+4}
 44053 | D:14     | Noticed Kirke
 44082 | D:14     | Killed Kirke
 45056 | D:14     | Found a gate to the Vaults.
 45399 | D:14     | Found Ikem's Distillery.
 45423 | D:14     | Identified a scroll of acquirement
 45423 | D:14     | Acquired the ring "Pyiqurr" {rElec rPois Dex+6}
 45521 | D:14     | Found a white marble altar of Elyvilon.
 46238 | D:15     | Entered Level 15 of the Dungeon
 46293 | D:15     | Found a staircase to the Depths.
 46293 | D:15     | Noticed a fire giant
 46627 | D:15     | Noticed Josephine
 46642 | D:15     | Killed Josephine
 47439 | D:15     | Reached skill level 13 in Dodging
 47453 | D:15     | Killed a fire giant
 48242 | D:15     | Learned a level 5 spell: Fireball
 48247 | D:15     | Learned a level 4 spell: Sticky Flame
 48488 | Snake:1  | Entered Level 1 of the Snake Pit
 48501 | Snake:1  | Reached XP level 16. HP: 109/123 MP: 27/31
 49626 | Snake:1  | Found a runed translucent door.
 49646 | Snake:1  | Noticed puppykicker's ghost (adept DEGl)
 49660 | Snake:1  | Found Imios's General Store.
 49850 | Snake:1  | Found a transporter.
 53984 | Snake:4  | Entered Level 4 of the Snake Pit
 54039 | Snake:4  | Noticed a nagaraja
 54044 | Snake:4  | Reached skill level 14 in Dodging
 54729 | Snake:4  | Killed a nagaraja
 54835 | Snake:4  | Reached XP level 17. HP: 104/131 MP: 30/33
 55367 | Snake:4  | HP: 6/131 [naga warrior/+0 war axe (23)]
 55369 | Snake:4  | Slain by a naga warrior

Illustrated notes

Levels and vault maps discovered:
D:1:      saegor_arrival_simple_e, layout_basic, serial_co_window_serial,
          co_window_paths_a, co_window_paths_b, co_window_of_opportunity_a,
          co_window_paths_a, co_window_of_opportunity_a, co_window_paths_c,
          co_window_cross_3, co_window_corner_ca, co_window_broadway_b,
          co_window_paths_d, glass_columns_b, glass_columns_a, glass_columns_a
D:2:      layout_basic, general_overflow_altar, zin_statuary,
          overflow_temple_1_default, grunt_temple_overflow_open
D:3:      layout_basic, minmay_misc_feat_doors, kennysheep_big_empty_room,
          kennysheep_generic_room_2, uniq_natasha, uniq_sigmund
D:4:      layout_gridville, nemelex_xobeh_ov_fountains_minmay,
          minmay_temple_entry_junction, uniq_robin, uniq_grinder,
          uniq_blork_the_orc
D:5:      layout_cave_pools, xom_confusion_cloud, serial_shops, shop,
          minmay_divided_ellipse
D:6:      layout_basic, abandoned_shop
D:7:      layout_basic
D:8:      layout_cave_pools, serial_shops, shop, minmay_unpleasant_kobolds
D:9:      layout_irregular_city, nzn_wu_jian_council_hall, david_lair_shrubbed,
          david_orc_3, nrook_campfire, nicolae_wwwww
D:10:     erik_rubicon_b, layout_irregular_city, serial_shops,
          nicolae_shop_temple_entry_statues_fountains, uniq_joseph, uniq_psyche,
          uniq_snorg
D:11:     minmay_angry_zag, layout_long_grid
D:12:     minmay_the_grid_triangle_9x9_rhombus_thin
          [minmay_the_grid_triangle_9x9_swiss_cheese,
          minmay_the_grid_triangle_9x9_prize_special,
          minmay_the_grid_triangle_9x9_odd_lines,
          minmay_the_grid_triangle_9x9_impossible_snake], layout_loops_ring,
          serial_shops, shop_fountains, lemuel_flame_loot_1, uniq_nessos,
          uniq_sonja, uniq_nergalle
D:13:     layout_irregular_city, gammafunk_ghost_nasty_kobolds,
          hangedman_fish_farm
D:14:     layout_cave_pods, hangedman_vaults_entry_quadrant_bands,
          lemuel_crystal_altar, serial_shops, shop, wad_floor_pattern_untrapped,
          uniq_kirke
D:15:     grunt_enter_depths_giant_problem, layout_loops_ring, uniq_josephine
Temple:   eino_temple_water
Lair:1:   beast_lair_carwin_large_2, layout_misc_corridors, lemuel_fruit_tree,
          grunt_megastairs_3, infiniplex_staircase_pool_2,
          minmay_lair_oklob_chamber
Lair:2:   layout_cave_pods, minmay_snake_entry_guardpost_small,
          grunt_megastairs_4
Lair:3:   layout_roguey [special_room_bee], worms_lemuel, grunt_megastairs_5
Lair:4:   layout_regular_city, minmay_swamp_entry_swarm,
          portal_ice_cave_entry_imps, grunt_megastairs_1,
          infiniplex_staircase_pool, lemuel_fruit_fields
Lair:5:   layout_loops_ring, serial_forest, infiniplex_forest_pool,
          infiniplex_forest_lined_room_2, infiniplex_forest_clump_diagonal,
          infiniplex_forest_split, gauntlet_entry_generic, wad_woods_road_02
Lair:6:   minmay_lair_end_frog_pond, layout_layer_cave,
          dpeg_slime_entry_enclosed_altar, grunt_forest_large_clearings
Snake:1:  gammafunk_its_a_trap, layout_cave_shapes, serial_shops, shop,
          ebering_ghost_reflecting_pool, grunt_ministairs_5
Snake:2:  layout_layer_cave
Snake:3:  layout_rooms, nicolae_snake_double_loop, serial_bayou_shore_b
Snake:4:  grunt_snake_rune_pools, layout_onion_interference
Orc:1:    layout_caves, serial_shops, shop
Orc:2:    kennysheep_orc_mage_school, layout_caves, basic_altar

Skill      XL: |  1  2  3  4  5  6  7  8  9 10 11 12 13 14 15 16 |
---------------+-------------------------------------------------+-----
Spellcasting   | 5 6 7 8 9 10 11 12 | 12.1
Invocations    | 1 2 3 4 5 6 7 8 9 10 11 12 | 12.1
Fighting       | 1 2 3 4 5 6 7 8 9 10 11 | 11.2
Short Blades   | 1 2 3 4 5 6 7 8 9 10 11 | 11.2
Long Blades    | 1 2 3 4 5 6 7 8 9 10 11 | 11.2
Axes           | 1 2 3 4 5 6 7 8 9 10 11 | 11.2
Maces & Flails | 1 2 3 4 5 6 7 8 9 10 11 | 11.2
Polearms       | 1 2 3 4 5 6 7 8 9 10 11 | 11.2
Staves         | 1 2 3 4 5 6 7 8 9 10 11 | 11.2
Slings         | 1 2 3 4 5 6 7 8 9 10 11 | 11.2
Bows           | 1 2 3 4 5 6 7 8 9 10 11 | 11.2
Crossbows      | 1 2 3 4 5 6 7 8 9 10 11 | 11.2
Throwing       | 1 2 3 4 5 6 7 8 9 10 11 | 11.2
Armour         | 1 2 3 4 5 6 7 8 9 10 11 | 11.2
Shields        | 1 2 3 4 5 6 7 8 9 10 11 | 11.2
Unarmed Combat | 1 2 3 4 5 6 7 8 9 10 11 | 11.2
Evocations     | 1 2 3 4 5 6 7 8 9 10 11 | 11.2
Conjurations   | 1 2 3 4 5 6 7 8 9 |  9.6
Hexes          | 1 2 3 4 5 6 7 8 9 |  9.6
Summonings     | 1 2 3 4 5 6 7 8 9 |  9.6
Necromancy     | 1 2 3 4 5 6 7 8 9 |  9.6
Translocations | 1 2 3 4 5 6 7 8 9 |  9.6
Transmutations | 1 2 3 4 5 6 7 8 9 |  9.6
Fire Magic     | 1 2 3 4 5 6 7 8 9 |  9.6
Air Magic      | 1 2 3 4 5 6 7 8 9 |  9.6
Earth Magic    | 1 2 3 4 5 6 7 8 9 |  9.6
Poison Magic   | 1 2 3 4 5 6 7 8 9 |  9.6
Dodging        | 5 6 7 8 9 10 12 13 14 | 14.2
Stealth        | 5 6 7 8 9 10 11 | 11.9
Ice Magic      | 8 9 10 11 | 11.7

Action                   |  1- 3 |  4- 6 |  7- 9 | 10-12 | 13-15 | 16-18 || total
-------------------------+-------+-------+-------+-------+-------+-------++-------
Melee: Hand axe          |     3 |       |       |       |       |       ||     3
       Spear             |     1 |       |       |       |       |       ||     1
       Halberd           |       |    18 |       |       |       |       ||    18
       Bite              |       |     2 |     6 |    22 |    43 |     4 ||    77
       War axe           |       |       |    62 |    22 |   344 |    41 ||   469
       Dagger            |       |       |       |   184 |    41 |       ||   225
       Short sword       |       |       |       |     2 |       |       ||     2
       Fustibalus        |       |       |       |       |     2 |     1 ||     3
 Fire: Fustibalus        |       |       |   157 |   105 |  1229 |   457 ||  1948
Throw: Stone             |       |       |       |       |     5 |     1 ||     6
 Cast: Freeze            |    54 |    60 |   127 |   130 |   158 |       ||   529
       Frozen Ramparts   |     1 |     4 |    19 |    21 |    69 |    40 ||   154
       Summon Ice Beast  |       |       |    15 |   111 |   229 |    20 ||   375
       Ozocubu's Armour  |       |       |     1 |    27 |    59 |     3 ||    90
       Ensorcelled Hiber |       |       |       |     2 |       |       ||     2
       Cause Fear        |       |       |       |       |     6 |     7 ||    13
       Sticky Flame      |       |       |       |       |     1 |    55 ||    56
       Hailstorm         |       |       |       |       |     1 |       ||     1
       Fireball          |       |       |       |       |       |     2 ||     2
Evoke: Wand              |       |       |       |     7 |    37 |    22 ||    66
       Box of beasts     |       |       |       |     2 |     5 |     3 ||    10
       Tin of tremorston |       |       |       |       |       |     2 ||     2
  Use: Scroll            |       |    11 |     7 |     5 |    33 |     6 ||    62
       Potion            |       |       |     1 |     1 |     5 |     4 ||    11
 Stab: Sleeping          |       |       |     2 |     3 |       |       ||     5
       Distracted        |       |       |       |     5 |    14 |       ||    19
       Paralysed         |       |       |       |       |     1 |     1 ||     2
Armor: Robe              |     9 |    14 |    56 |    33 |       |       ||   112
       Leather armour    |       |       |       |    67 |   158 |       ||   225
       Ring mail         |       |       |       |       |   141 |   106 ||   247
       Acid dragon scale |       |       |       |       |    17 |       ||    17
Dodge: Dodged            |    35 |    59 |   189 |   328 |   861 |   272 ||  1744
Block: Buckler           |       |       |    55 |   140 |   495 |   160 ||   850
       Rpst.: Long sword |       |     3 |       |       |       |       ||     3

Table legend: (Time is in decaauts)
 A = Elapsed time spent in this place.
 B = Non-inter-level travel time spent in this place.
 C = Inter-level travel time spent in this place.
 D = Time resting spent in this place.
 E = Time spent auto-exploring this place.
 F = Levels seen in this place.
 G = Mean time per level.
                   A        B        C        D        E       F      G
               +--------+--------+--------+--------+--------+-----+--------+
         Total |  55237 |  53011 |   2226 |  24146 |  17853 |  28 | 1972.8 |
       Dungeon |  25926 |  24472 |   1454 |   9846 |   9403 |  15 | 1728.4 |
        Temple |    103 |     93 |     10 |      0 |     51 |   1 |  103.0 |
          Lair |  19549 |  19042 |    507 |   9751 |   5864 |   6 | 3258.2 |
     Snake Pit |   6830 |   6674 |    156 |   3795 |   1495 |   4 | 1707.5 |
  Orcish Mines |   2826 |   2728 |     98 |    753 |   1039 |   2 | 1413.0 |
               +--------+--------+--------+--------+--------+-----+--------+

Top non-repeatable levels by time:
  Lair:6: 4638 daAuts
  Lair:3: 3957 daAuts
  Lair:2: 3374 daAuts
  Lair:4: 2854 daAuts
 Snake:3: 2504 daAuts
    D:14: 2449 daAuts
  Lair:5: 2369 daAuts
  Lair:1: 2355 daAuts
   Orc:2: 2272 daAuts
    D:10: 2182 daAuts
 Snake:2: 2131 daAuts
     D:3: 2118 daAuts
     D:5: 2005 daAuts
    D:12: 1950 daAuts
     D:8: 1866 daAuts
